 Dungeon Crawl Stone Soup version 0.19-a0-1170-g18f0c96 (webtiles) character file.

818 4thArraOfDagon the Grappler (level 7, -1/61 HPs)
             Began as a Troll Artificer on Aug 16, 2016.
             Was an Initiate of Sif Muna.
             Slain by Joseph
             ... wielding a +0 quarterstaff
              (16 damage)
             ... on level 7 of the Dungeon.
             The game lasted 00:05:33 (1136 turns).

4thArraOfDagon the Grappler (Troll Artificer)       Turns: 1136, Time: 00:05:33

Health: -1/61      AC:  5    Str: 21    XL:     7   Next: 62%
Magic:  7/7        EV: 10    Int:  9    God:    Sif Muna [......]
Gold:   63         SH:  0    Dex: 10    Spells: 0 memorised, 6 levels left

rFire  . . .     SeeInvis .       - Unarmed
rCold  + . .     Gourm    +     b - +0 robe
rNeg   . . .     Faith    .     (no shield)
rPois  .         Spirit   .     (helmet restricted)
rElec  .         Dismiss  .     (no cloak)
rCorr  .         Reflect  .     (gloves unavailable)
MR     +....     Harm     .     (boots unavailable)
Stlth  +.........               (no amulet)
                                o - ring of protection from cold
                                a - ring of protection from magic

@: very slightly contaminated, invisible
A: unfitting armour, claws 3, fast metabolism 3, gourmand, regeneration 2,
shaggy fur 1, tough skin 2
a: Renounce Religion


You were on level 7 of the Dungeon.
You worshipped Sif Muna.
Sif Muna was noncommittal.
You were very full.

You visited 1 branch of the dungeon, and saw 7 of its levels.

You collected 63 gold pieces.

Inventory:

Hand Weapons
 q - a +0 giant spiked club
Armour
 b - a +0 robe (worn)
Magical Staves
 l - an uncursed staff of wizardry {!a}
Jewellery
 a - a ring of protection from magic (left claw)
 o - a ring of protection from cold (right claw)
Wands
 c - a wand of flame (15/48)
 d - a wand of enslavement (11/24)
 e - a wand of random effects (12/48)
 m - a wand of iceblast (12/15)
Scrolls
 g - 2 scrolls of amnesia {unknown}
 n - 2 scrolls of teleportation {unknown}
 s - a scroll of remove curse {unknown}
Potions
 j - a potion of heal wounds
 p - a potion of brilliance
 t - a potion of haste
Comestibles
 f - 6 bread rations
 i - a royal jelly
 r - a chunk of flesh


   Skills:
 - Level 0.7 Fighting
   Level 0.7 Short Blades
 - Level 1.5 Dodging
 - Level 0.4 Stealth
 * Level 8.5 Unarmed Combat
 - Level 2.1 Evocations


You had 6 spell levels left.
You didn't know any spells.

Dungeon Overview and Level Annotations

Branches:
Dungeon (7/15)
 Temple: D:4-7

Altars:
Fedhas
Ru
Sif Muna
The Shining One

Annotations:
D:3 1 exclusion, Sigmund
D:7 exclusion: ice statue, Joseph


Innate Abilities, Weirdness & Mutations

You are too large for most types of armour.
You have claws for hands.
Your metabolism is lightning-fast.
You like to eat raw meat.
You heal very quickly.
You are covered in fur. (AC +1)
You have very tough skin. (AC +2)


Message History

Joseph shouts!
Unknown command.
Unknown command.
You closely miss Joseph.
Joseph is severely wounded.
Unknown command.
You closely miss Joseph.
Joseph is severely wounded.
Joseph hits you with a quarterstaff!
Unknown command.
You closely miss Joseph.
Joseph is severely wounded.
Joseph hits you with a quarterstaff!
* * * LOW HITPOINT WARNING * * *
Unknown command.
Unknown command.
You claw Joseph!
Joseph is almost dead.
Joseph hits you with a quarterstaff!
You die...

##.# #... #.o. #..# #.@#
#o.# #§o#
#..##########.#
#..##@@........
#..oo#.######..
###...###.##....
#....#####...##..##
#.#...............# #
#.#..#.#..##.##...# .#
#.#..#..#.##.##.<.##.##
#.#..#............#...##
#⌠...⌠##.##............


You could see Joseph, an orc wizard and an orc.

Vanquished Creatures
  2 ogres
  A giant frog (D:7)
  2 hounds
  A scorpion (D:5)
  A crimson imp (D:5)
  A giant frog skeleton (D:7)
  An orc priest (D:7)
  A centaur skeleton (D:7)
  3 orc wizards
  An iguana (D:4)
  2 worker ants (D:6)
  A hound skeleton (D:5)
  3 gnolls (D:3)
  5 adders
  A shadow imp (D:6)
  2 adder skeletons
  A worm (D:4)
  A dart slug (D:2)
  2 giant geckos
  16 orcs
  A giant cockroach (D:5)
  A goblin (D:2)
  5 hobgoblins
  6 jackals
  A quokka (D:6)
  2 ball pythons
  A giant gecko skeleton (D:7)
  4 kobolds
  2 rats
71 creatures vanquished.

Vanquished Creatures (collateral kills)
  An ogre (D:5)
  2 orc wizards (D:4)
  2 orcs
5 creatures vanquished.

Vanquished Creatures (others)
  A scorpion (D:5)
1 creature vanquished.

Grand Total: 77 creatures vanquished

Notes
Turn   | Place    | Note
-------+----------+-------------------------------------------
     0 | D:1      | 4thArraOfDagon the Troll Artificer began the quest for the Orb.
     0 | D:1      | Reached XP level 1. HP: 18/18 MP: 1/1
    49 | D:1      | Reached skill level 1 in Unarmed Combat
    84 | D:2      | Reached XP level 2. HP: 20/26 MP: 2/2
   104 | D:2      | Reached skill level 2 in Unarmed Combat
   182 | D:3      | Reached XP level 3. HP: 26/32 MP: 3/3
   198 | D:3      | Found a blossoming altar of Fedhas.
   271 | D:3      | Reached skill level 3 in Unarmed Combat
   297 | D:3      | Reached XP level 4. HP: 40/40 MP: 4/4
   315 | D:3      | Reached skill level 4 in Unarmed Combat
   374 | D:3      | Found a deep blue altar of Sif Muna.
   382 | D:3      | Became a worshipper of Sif Muna the Loreminder
   396 | D:3      | Noticed Sigmund
   422 | D:3      | Found a blossoming altar of Fedhas.
   465 | D:4      | Noticed an ogre
   479 | D:4      | Reached XP level 5. HP: 31/46 MP: 5/5
   502 | D:4      | Killed an ogre
   502 | D:4      | Reached skill level 5 in Unarmed Combat
   568 | D:4      | Found a glowing golden altar of the Shining One.
   615 | D:5      | Entered Level 5 of the Dungeon
   662 | D:5      | Noticed an ogre
   678 | D:5      | Killed an ogre
   678 | D:5      | Reached skill level 6 in Unarmed Combat
   678 | D:5      | Reached XP level 6. HP: 50/54 MP: 6/6
   682 | D:5      | Found a sacrificial altar of Ru.
   780 | D:6      | Reached skill level 7 in Unarmed Combat
   833 | D:6      | Reached XP level 7. HP: 39/61 MP: 7/7
   840 | D:6      | Found a glowing golden altar of the Shining One.
   986 | D:7      | Reached skill level 8 in Unarmed Combat
  1079 | D:7      | Noticed an ice statue
  1092 | D:7      | Noticed Joseph
  1136 | D:7      | Slain by Joseph

Vault maps used:
D:1:      dpeg_arrival_leaves_temple_mockup, minmay_unequal
D:2:      nicolae_overflow_crystal_walls, uniq_terence
D:3:      led_sif_book, nicolae_overflow_hidden_temple,
          overflow_temple_1_default, first_bread, tgw_fedhas, uniq_sigmund
D:4:      nicolae_ru_sacrificial_ziggurat, nemelex_xobeh_ov_fountains_minmay,
          tso_metal_star
D:5:      serial_shops, kennysheep_mini_moat, minmay_ruined_shrine
D:6:      lemuel_crystal_altar, basic_altar
D:7:      lemuel_ice_statue, grunt_livestock, uniq_joseph

Skill      XL: |  1  2  3  4  5  6  7 |
---------------+----------------------+-----
Unarmed Combat | 1 2 3 4 6 7 8 |  8.5
Fighting       | |  0.7
Short Blades   | |  0.7
Dodging        | |  1.5
Stealth        | |  0.4
Evocations     | |  2.1

Action                   |  1- 3 |  4- 6 |  7- 9 || total
-------------------------+-------+-------+-------++-------
Melee: Unarmed           |    73 |    91 |    89 ||   253
       Punch             |       |     3 |     1 ||     4
Evoke: Wand              |     2 |     5 |       ||     7
  Use: Scroll            |       |       |     4 ||     4
       Potion            |       |       |     1 ||     1
 Stab: Sleeping          |       |     1 |       ||     1
       Invisible         |       |       |     2 ||     2
  Eat: Chunk             |     6 |     7 |     2 ||    15
Armor: Robe              |    21 |    25 |    12 ||    58
Dodge: Dodged            |    37 |    36 |    33 ||   106
